 Dungeon Crawl Stone Soup version 0.31-a0-174-g85c54bcb58 (webtiles) character file.

Game seed: 5173162814804993819

388473 BubbleThief the Slayer (level 23, 0/240 HPs)
             Began as a Naga Venom Mage on June 14, 2023.
             Was the Champion of Vehumet.
             Slain by an ice dragon (8 damage)
             ... on level 2 of the Depths on June 16, 2023.
             The game lasted 02:34:41 (53930 turns).

BubbleThief the Slayer (Naga Venom Mage)           Turns: 53930, Time: 02:34:43

Health: 0/240      AC: 24    Str: 12    XL:     23   Next: 5%
Magic:  36/43      EV:  7    Int: 28    God:    Vehumet [******]
Gold:   185        SH: 24    Dex: 21    Spells: 34/55 levels left

rFire   + + .        C - +4 scimitar (flame)
rCold   + . .        K - +2 kite shield {AC+3}
rNeg    . . .        J - +1 robe {Will+}
rPois   +            V - +1 hat
rElec   .            r - scarf {rC+ rF+}
rCorr   .            H - +2 pair of gloves {Dex+3}
SInv    +            u - +0 barding {rF+}
Will    +++..        g - amulet of reflection
Stlth   +++          F - +6 ring of intelligence
HPRegen 0.60/turn    w - ring "Yckurrum" {AC+4 Dex+3}
MPRegen 0.28/turn

%: reflection
@: about to teleport, studying Long Blades, very slow
A: AC +7, large, see invisible, deformed body, poison resistance, slowness 2,
spit poison 1, naga tail 2
}: 2/15 runes: serpentine, barnacled
a: Spit Poison, Renounce Religion


You were on level 2 of the Depths.
You worshipped Vehumet.
Vehumet was exalted by your worship.
You visited 7 branches of the dungeon, and saw 36 of its levels.
You also visited: Gauntlet and Ice Cave.

You collected 5723 gold pieces.
You spent 5538 gold pieces at shops.

Inventory:

Hand Weapons
 C - a +4 scimitar of flaming (weapon)
Missiles
 f - 5 throwing nets
Armour
 h - a +2 kite shield of positive energy
 r - a scarf of resistance (worn)
 s - a +2 robe of resistance
 u - a +0 barding of fire resistance (worn)
 H - a +2 pair of gloves of dexterity (worn)
 J - a +1 robe of willpower (worn)
 K - a +2 kite shield of protection (worn)
 V - a +1 hat (worn)
Jewellery
 a - an amulet of magic regeneration
 g - an amulet of reflection (around neck)
 w - the ring "Yckurrum" (right hand) {AC+4 Dex+3}
   (You took it off a merfolk on level 4 of the Shoals)

   [ring of protection]

   AC:        It affects your AC (+4).
   Dex:       It affects your dexterity (+3).
 y - a ring of wizardry
 D - an amulet of regeneration
 E - a ring of protection from fire
 F - a +6 ring of intelligence (left hand)
 O - a ring of protection from cold
 P - a ring of willpower
 W - a ring of positive energy
 X - the ring "Uvogh" {+Blink rCorr Str+3}
   (You found it in a Gauntlet)

   [ring of resist corrosion]

   Str:       It affects your strength (+3).
   +Blink:    It lets you blink.
   rCorr:     It protects you from acid and corrosion.
Wands
 x - a wand of digging (4)
Scrolls
 d - 8 scrolls of amnesia
 e - 4 scrolls of blinking
 i - 7 scrolls of enchant armour
 j - 7 scrolls of fog
 m - 4 scrolls of fear
 n - a scroll of enchant weapon
 p - 19 scrolls of teleportation
 q - a scroll of brand weapon
 N - 2 scrolls of revelation
 S - 6 scrolls of poison
 T - 3 scrolls of summoning
 U - 4 scrolls of silence
Potions
 b - 3 potions of magic
 c - 18 potions of curing
 k - 9 potions of attraction
 l - 5 potions of mutation
 o - 6 potions of ambrosia
 t - 11 potions of lignification
 v - 4 potions of berserk rage
 z - 3 potions of invisibility
 A - 3 potions of heal wounds
 B - 6 potions of brilliance
 G - 5 potions of haste
 I - 7 potions of enlightenment
 L - 5 potions of resistance
 Q - a potion of might
 Z - 5 potions of cancellation


   Skills:
 - Level 21.0 Fighting
 - Level 15.6 Long Blades
 - Level 1.5 Dodging
 - Level 3.0 Stealth
 - Level 20.3 Shields
 + Level 16.6 Spellcasting
 - Level 10.1 Transmutations
 + Level 6.5 Air Magic
 - Level 15.0 Poison Magic


You had 34 spell levels left.
You knew the following spells:

 Your Spells              Type           Power      Damage    Failure   Level
a - Freezing Cloud        Conj/Ice/Air   17%        6-21      9%          5
b - Mephitic Cloud        Conj/Pois/Air  59%        N/A       1%          3
c - Olgreb's Toxic Radia  Pois           82%        N/A       1%          4
d - Ignite Poison         Fire/Tmut/Pois 63%        N/A       1%          3
e - Eringya's Noxious Bo  Tmut/Pois      38%        N/A       1%          6

Your spell library contained the following spells:

 Spells                   Type           Power      Damage    Failure   Level
 Maxwell's Capacitive Co  Air            28%        ∞         95%         8
 Sting                    Tmut/Pois      100%       1d8       0%          1
 Beastly Appendage        Tmut           100%       N/A       1%          1
 Kiss of Death            Conj/Necr      92%        2d12      1%          1
 Shock                    Conj/Air       100%       1d9       1%          1
 Cigotuvi's Dreadful Rot  Necr/Pois/Air  100%       N/A       1%          2
 Momentum Strike          Conj/Tloc      46%        3d9       1%          2
 Poisonous Vapours        Pois/Air       100%       N/A       1%          2
 Static Discharge         Conj/Air       82%        2-6/arc   1%          2
 Wereblood                Tmut           69%        N/A       1%          2
 Spider Form              Tmut/Pois      76%        N/A       1%          3
 Swiftness                Air            56%        N/A       1%          3
 Airstrike                Air            28%        2d(4-20)  1%          4
 Alistair's Intoxication  Tmut/Pois      50%        N/A       1%          5
 Vhi's Electric Charge    Tloc/Air       82%        N/A       2%          3
 Slow                     Hex            92%        N/A       3%          1
 Petrify                  Tmut/Erth      51%        N/A       3%          4
 Blink                    Tloc           46%        N/A       4%          2
 Ensorcelled Hibernation  Hex/Ice        46%        N/A       4%          2
 Lesser Beckoning         Tloc           46%        N/A       4%          2
 Arcjolt                  Conj/Air       20%        1d30      6%          5
 Summon Lightning Spire   Summ/Air       41%        N/A       8%          4
 Call Canine Familiar     Summ           23%        N/A       9%          3
 Confusing Touch          Hex            23%        N/A       9%          3
 Ozocubu's Armour         Ice            23%        N/A       9%          3
 Portal Projectile        Hex/Tloc       46%        N/A       9%          3
 Summon Guardian Golem    Hex/Summ       23%        N/A       9%          3
 Vampiric Draining        Necr           23%        2d7       9%          3
 Lee's Rapid Deconstruct  Erth           11%        3d8*      21%         5
 Plasma Beam              Fire/Air       20%        2x1d32    28%         6
 Anguish                  Hex/Necr       11%        N/A       30%         4
 Cause Fear               Hex            11%        N/A       30%         4
 Dispel Undead            Necr           23%        3d12      30%         4
 Leda's Liquefaction      Hex/Erth       11%        N/A       30%         4
 Statue Form              Tmut/Erth      34%        N/A       50%         6
 Borgnjor's Vile Clutch   Necr/Erth      11%        N/A       63%         5
 Metabolic Englaciation   Hex/Ice        11%        N/A       63%         5
 Summon Forest            Summ/Tloc      11%        N/A       63%         5
 Summon Mana Viper        Hex/Summ       23%        N/A       63%         5
 Leda's Unmaking          Conj/Erth      11%        9d3       71%         6
 Death Channel            Necr           11%        N/A       99%         6
 Summon Cactus Giant      Summ           11%        N/A       99%         6
 Orb of Destruction       Conj           11%        9d6       99%         7
 Ozocubu's Refrigeration  Ice            11%        4d10      99%         7
 Spellforged Servitor     Conj/Summ      11%        N/A       99%         7
 Enfeeble                 Hex            11%        N/A       100%        7
 Chain Lightning          Conj/Air       20%        3d27      100%        9
 Fire Storm               Conj/Fire      11%        8d3       100%        9
 Shatter                  Erth           11%        3d12*     100%        9


Dungeon Overview and Level Annotations

Branches:
Dungeon (15/15)            Temple (0/1) D:4            Lair (5/5) D:8
 Shoals (4/4) Lair:3        Snake (4/4) Lair:2        Slime (0/5) Lair:4
    Orc (2/2) D:11            Elf (0/3) Orc:2        Vaults (4/5) D:14
  Crypt (0/3) Vaults:2     Depths (2/4) D:15          IceCv (visited)
Gauntlet (visited)

Altars:
Cheibriados
Fedhas
Gozag
Hepliaklqana
Kikubaaqudgha
Makhleb
Okawaru
Qazlal
Ru
Sif Muna
Trog
Uskayaw
Vehumet
Wu Jian
Yredelemnul
Zin
The Shining One

Shops:
D:2 :   D:6 *   D:7 *   D:13 [   Orc:2 *==   Shoals:3 [*:   Snake:1 :=:
Snake:2 *?*[   Vaults:1 *

Portals:
Hell: Depths:1 Depths:2
Pandemonium: Depths:2


Innate Abilities, Weirdness & Mutations

Your serpentine skin is tough. (AC +7)
You have supernaturally acute eyesight. (SInv)
Armour fits poorly on your strangely shaped body.
Your system is resistant to poisons. (rPois)
You cover ground very slowly.
You can spit poison.
You can use your snake-like lower body to constrict enemies.


Message History

You resist.
* * * LOW HITPOINT WARNING * * *
You hear a screech!
Unknown command.
The lich attacks as you move away! You block the lich's attack. x2
Unknown command.
You slash the lich! You burn the lich. Your grab misses the lich.
The lich is almost destroyed.
The lich touches you but does no damage.
Unknown command.
You hit the lich but do no damage. You grab the lich.
The lich is almost destroyed.
You constrict the lich, but do no damage.
The lich touches you.
* * * LOW HITPOINT WARNING * * *
Unknown command.
You slash the lich! You burn the lich.
You destroy the lich!
Vehumet accepts your kill.
You feel your power returning.
Unknown command.
You feel much better. The ice dragon breathes frost at you.
The blast of cold hits you. You resist.
* * * LOW HITPOINT WARNING * * *
Unknown command.
You slash the ice dragon! You burn the ice dragon.
The ice dragon is moderately wounded.
The ice dragon bites you but does no damage.
You block the ice dragon's attack. x2
Unknown command.
Okay, then.
As you read the scroll of teleportation, it crumbles to dust.
You feel strangely unstable.
The frost giant points at you and mumbles some strange words.
The bolt of cold hits the ice dragon!
The ice dragon resists.
The bolt of cold hits you!! You resist.
* * * LOW HITPOINT WARNING * * *
You block the ice dragon's attack. The ice dragon claws you!
You die...

.............C #...
............$.
#..###.###.....#.#.
#..##..##CR...#####
#..#...#....i#
#......D....#
#..###.....#
#..##.....#.#
#.@#.....#.#
#..DC...#.##
#......#.##
#.....#.##
#....#.## #...#.##
#..#### #.#. #.


You could see a frost giant and an ice dragon (catching breath).

Vanquished Creatures
  Mara (Vaults:4)
  Vashnia (Snake:3)
  Zenata (Vaults:1)
  Rupert (Orc:2)
  2 liches
  Jorgrun (Snake:3)
  Asterion (Snake:3)
  A kraken (Shoals:4)
  Polyphemus (Shoals:2)
  3 sphinxes
  A tengu reaver (Depths:1)
  5 frost giants
  A shadow dragon (Vaults:4)
  A revenant (Vaults:2)
  7 nagarajas
  A fire giant (Depths:2)
  A caustic shrike zombie (Depths:2)
  11 vault wardens
  Aizul (Snake:1)
  14 ironbound preservers
  2 orc warlords
  A reaper (IceCv)
  3 stone giants
  9 very ugly things (Depths:1)
  A war gargoyle (Vaults:3)
  7 formless jellyfish
  8 ironbound thunderhulks
  The ghost of Vyac the Spry, a journeyman SpEn of Wu Jian (Snake:4)
  Azrael (Snake:1)
  6 dire elephants
  A vampire knight (Depths:1)
  A spark wasp (Depths:2)
  A minotaur (Gauntlet)
  An eidolon (Vaults:2)
  An ettin (Depths:2)
  4 merfolk javelineers (Shoals:4)
  6 merfolk impalers
  A crystal guardian (Vaults:1)
  7 fire dragons
  2 entropy weavers
  10 great orbs of eyes
  7 vault guards (Vaults:4)
  13 yaktaur captains
  The ghost of epsilonplus the Severer, a journeyman HOFi of Hepliaklqana (D:11)
  3 ice dragons
  A catoblepas (Shoals:2)
  2 rakshasas (Depths:1)
  16 anacondas
  6 salamander tyrants
  5 hydras
  2 spriggan air magi (Depths:1)
  3 satyrs
  7 ironbound frosthearts
  2 ogre magi
  Erica (D:9)
  3 merfolk avatars
  2 peacekeepers
  23 centaur warriors
  5 merfolk aquamancers (Shoals:4)
  2 alligator snapping turtles
  7 two-headed ogres
  3 death yaks (Shoals:2)
  18 naga warriors
  5 boulder beetles
  A tengu warrior (Depths:1)
  3 deep troll earth magi
  5 orc high priests (Orc:2)
  Urug (Lair:4)
  9 shock serpents
  Sonja (Lair:1)
  A deep elf knight (D:14)
  22 naga sharpshooters
  An iron troll (Depths:1)
  4 skysharks
  Amaemon (Lair:1)
  A spark wasp zombie (Depths:2)
  50 deep trolls
  14 salamander mystics
  A skeletal warrior (D:14)
  7 naga ritualists
  2 phantasmal warriors
  10 sea snakes
  15 ironbound convokers
  9 lindwurms
  11 wizards
  20 harpies
  5 bog bodies (Shoals:2)
  5 deep elf pyromancers
  11 mana vipers
  3 deep elf zephyrmancers (D:14)
  12 orc knights
  40 ugly things
  A stone giant zombie (Vaults:3)
  6 necromancers
  13 fauns
  2 orc sorcerers
  4 cyclopes
  3 oklob plants
  34 salamanders
  40 black mambas
  9 manticores
  A stone giant skeleton (Vaults:2)
  16 vault sentinels
  An ice statue (IceCv)
  An iron dragon skeleton (Depths:2)
  2 water nymphs (Shoals:4)
  6 elephants (Lair:1)
  5 merfolk sirens
  7 guardian serpents
  2 human skeletons
  2 gargoyles
  15 naga magi
  4 centaur skeletons (D:14)
  6 torpor snails
  An orange demon (Lair:1)
  9 cane toads
  2 yaktaur zombies
  An unseen horror (D:12)
  A spark wasp simulacrum (Depths:2)
  An efreet (D:15)
  3 kobold demonologists
  3 rime drakes
  2 anaconda simulacra (IceCv)
  A minotaur zombie (Gauntlet)
  A tengu conjurer (D:13)
  7 komodo dragons
  45 yaktaurs
  2 yaktaur skeletons
  2 polar bears
  4 trolls
  6 meliai
  23 merfolk
  10 wind drakes
  3 tyrant leeches (Lair:5)
  18 hornets
  10 blink frogs
  5 dream sheep (Lair:4)
  7 snapping turtles
  A centaur simulacrum (D:14)
  21 slime creatures
  3 spriggans (D:11)
  A vampire (D:14)
  5 large abominations (Depths:1)
  12 water elementals
  26 yaks
  3 shadows (D:11)
  Sigmund (D:2)
  A jumping spider (Gauntlet)
  A dire elephant simulacrum (IceCv)
  A wraith (D:13)
  3 fire bats (Gauntlet)
  A basilisk (shapeshifter) (D:15)
  8 basilisks
  4 wyverns
  5 fire elementals (Snake:1)
  A redback (Vaults:1)
  14 vampire mosquitoes
  Menkaure (D:5)
  A steam dragon (D:10)
  45 nagas
  A harpy simulacrum (IceCv)
  4 wargs
  2 death yak simulacra (IceCv)
  7 small abominations (Depths:1)
  13 water moccasins
  2 hydra simulacra (IceCv)
  2 hell hounds
  Duvessa (D:7)
  An acid dragon (D:11)
  33 orc warriors
  A sky beast (D:8)
  A human zombie (Vaults:3)
  4 black bears
  An ice beast (D:7)
  12 wolves
  A boggart (Vaults:1)
  25 centaurs
  10 ogres
  2 phantoms
  3 kobold brigands
  13 bullfrogs
  A gnoll sergeant (D:9)
  2 ogre simulacra (Vaults:3)
  5 two-headed ogre simulacra (IceCv)
  A cane toad simulacrum (IceCv)
  9 scorpions
  Dowan (D:7)
  3 elephant simulacra (IceCv)
  8 killer bees
  2 electric eels (D:9)
  6 jellies
  3 quasits (D:6)
  A gnoll bouda (D:5)
  32 orc priests
  3 hounds
  Jessica (D:3)
  2 sleepcaps
  4 iguanas
  29 orc wizards
  9 troll simulacra (IceCv)
  Ijyb (D:3)
  2 polar bear simulacra (IceCv)
  5 hell rats (Lair:1)
  2 wolf simulacra (IceCv)
  8 spriggan simulacra (IceCv)
  17 gnolls
  4 adders
  5 naga simulacra (IceCv)
  A shadow imp (D:6)
  8 white imps
  12 ufetubi
  2 worms (D:3)
  5 dart slugs
  103 orcs
  9 bats
  23 endoplasms
  An endoplasm (shapeshifter) (D:15)
  2 giant cockroaches
  6 goblins
  5 hobgoblins
  2 jackals (D:1)
  3 quokkas
  9 ball pythons
  2 frilled lizards (D:2)
  22 kobolds
  11 rats
  2 tentacles (Shoals:4)
1571 creatures vanquished.

Vanquished Creatures (others)
  A fire giant (Depths:2)
  An ice dragon (Depths:1)
  An ugly thing (Vaults:1)
  A manticore (Shoals:4)
  A water nymph (Shoals:4)
  An orc warrior (D:8)
  10 tentacles (Shoals:4)
16 creatures vanquished.

Grand Total: 1587 creatures vanquished

Notes
Turn   | Place    | Note
-------+----------+-------------------------------------------
     0 | D:1      | BubbleThief the Naga Venom Mage began the quest for the
                  | Orb.
     0 | D:1      | Reached XP level 1. HP: 15/15 MP: 3/3
    68 | D:1      | Reached XP level 2. HP: 20/22 MP: 0/5
   443 | D:1      | Reached skill level 5 in Poison Magic
   443 | D:1      | Reached XP level 3. HP: 23/28 MP: 3/6
   845 | D:2      | Noticed Sigmund
   851 | D:2      | Learned a level 3 spell: Mephitic Cloud
   860 | D:2      | Killed Sigmund
   861 | D:2      | Reached XP level 4. HP: 12/36 MP: 0/9
   861 | D:2      | Reached XP level 5. HP: 14/42 MP: 0/10
   866 | D:2      | Learned a level 4 spell: Olgreb's Toxic Radiance
   966 | D:2      | Found Ori Fiuv's Book Boutique.
  1443 | D:3      | Reached XP level 6. HP: 49/49 MP: 6/11
  1489 | D:3      | Found a burning altar of Makhleb.
  1757 | D:3      | Found a radiant altar of Vehumet.
  1824 | D:3      | Became a worshipper of Vehumet
  1898 | D:3      | Noticed Ijyb
  1906 | D:3      | Killed Ijyb
  2133 | D:3      | Upgraded the game from 0.31-a0-167-g1c394c0614 to
                  | 0.31-a0-174-g85c54bcb58
  2321 | D:3      | Found a hide-covered altar of Uskayaw.
  2427 | D:3      | Noticed Jessica
  2429 | D:3      | Killed Jessica
  2430 | D:3      | Reached XP level 7. HP: 55/55 MP: 13/13
  2684 | D:4      | Found a staircase to the Ecumenical Temple.
  2803 | D:4      | Reached skill level 1 in Fighting
  2932 | D:4      | Reached * piety under Vehumet
  2932 | D:4      | Offered knowledge of Freeze by Vehumet.
  2956 | D:4      | Reached skill level 2 in Fighting
  2994 | D:4      | Reached skill level 3 in Fighting
  3279 | D:4      | Found a bloodstained altar of Trog.
  3544 | D:4      | Reached skill level 1 in Shields
  3628 | D:4      | Found an iron altar of Okawaru.
  3688 | D:5      | Entered Level 5 of the Dungeon
  3694 | D:5      | Reached XP level 8. HP: 71/72 MP: 6/14
  3708 | D:5      | Reached skill level 4 in Fighting
  3862 | D:5      | Found a glowing silver altar of Zin.
  4079 | D:5      | Reached skill level 5 in Fighting
  4223 | D:5      | Noticed Menkaure
  4231 | D:5      | Killed Menkaure
  4624 | D:6      | Reached ** piety under Vehumet
  4624 | D:6      | Offered knowledge of Shock by Vehumet.
  4801 | D:6      | Identified the +4 long sword of Guetonel {antimagic, *Slow
                  | rPois rCorr Dex+3}
  4901 | D:6      | Reached skill level 6 in Fighting
  5104 | D:6      | Reached XP level 9. HP: 66/82 MP: 12/15
  5177 | D:6      | Identified a scroll of acquirement
  5177 | D:6      | Acquired 1204 gold pieces
  5288 | D:6      | Found Epuwkawa's Gadget Gallery.
  5290 | D:6      | Reached skill level 5 in Shields
  5365 | D:6      | Offered knowledge of Ignite Poison by Vehumet.
  5373 | D:6      | Learned a level 3 spell: Ignite Poison
  5456 | D:6      | Found a shimmering blue altar of Sif Muna.
  5497 | D:6      | Reached skill level 7 in Fighting
  5956 | D:7      | Noticed Dowan
  5968 | D:7      | Killed Dowan
  5968 | D:7      | Reached *** piety under Vehumet
  6359 | D:7      | Noticed Duvessa
  6370 | D:7      | Killed Duvessa
  6439 | D:7      | Found a basalt altar of Yredelemnul.
  6543 | D:7      | Reached skill level 8 in Fighting
  6630 | D:7      | Found Douvvoo's General Store.
  6638 | D:7      | Bought a potion of curing for 33 gold pieces
  6638 | D:7      | Bought a potion of curing for 33 gold pieces
  6638 | D:7      | Bought a potion of resistance for 110 gold pieces
  6744 | D:7      | Offered knowledge of Iskenderun's Mystic Blast by Vehumet.
  6852 | D:7      | Reached XP level 10. HP: 96/98 MP: 16/16
  6957 | D:7      | Found a snail-covered altar of Cheibriados.
  6957 | D:7      | Found a blossoming altar of Fedhas.
  6957 | D:7      | Found a hazy altar of Hepliaklqana.
  7293 | D:8      | Reached skill level 9 in Fighting
  7509 | D:8      | Found a staircase to the Lair.
  8088 | D:8      | Found a glowing golden altar of the Shining One.
  8185 | D:9      | Noticed a two-headed ogre
  8301 | D:9      | Noticed a two-headed ogre
  8310 | D:9      | Noticed Erica
  8312 | D:9      | Killed a two-headed ogre
  8318 | D:9      | Killed a two-headed ogre
  8319 | D:9      | Reached skill level 10 in Fighting
  8323 | D:9      | Killed Erica
  8411 | D:9      | Found an opulent altar of Gozag.
  8554 | D:9      | Reached skill level 1 in Long Blades
  8969 | D:9      | Found a sacrificial altar of Ru.
  9052 | D:9      | Found an ornate altar of the Wu Jian Council.
  9107 | D:9      | Found a stormy altar of Qazlal.
  9467 | Lair:1   | Entered Level 1 of the Lair of Beasts
  9483 | Lair:1   | Noticed Sonja
  9484 | Lair:1   | Reached XP level 11. HP: 97/110 MP: 5/17
  9489 | Lair:1   | Killed Sonja
  9490 | Lair:1   | Reached **** piety under Vehumet
  9497 | Lair:1   | Offered knowledge of Dazzling Flash by Vehumet.
  9644 | Lair:1   | Reached skill level 5 in Long Blades
  9644 | Lair:1   | Noticed Amaemon
  9656 | Lair:1   | Reached skill level 11 in Fighting
  9659 | Lair:1   | Killed Amaemon
 10064 | Lair:1   | Reached XP level 12. HP: 90/122 MP: 18/18
 10070 | Lair:1   | Reached skill level 12 in Fighting
 10079 | Lair:1   | HP: 4/122 [cane toad (22)]
 10756 | Lair:1   | Reached skill level 10 in Long Blades
 11491 | Lair:2   | Noticed a five-headed hydra
 11504 | Lair:2   | Killed a one-headed hydra
 11921 | Lair:2   | Noticed a skyshark
 11928 | Lair:2   | Killed a skyshark
 11929 | Lair:2   | Reached skill level 10 in Poison Magic
 11970 | Lair:2   | Noticed a boulder beetle
 11977 | Lair:2   | Killed a boulder beetle
 12082 | Lair:2   | Reached skill level 5 in Transmutations
 12105 | Lair:2   | Found a staircase to the Snake Pit.
 12266 | Lair:2   | Found a blossoming altar of Fedhas.
 12615 | D:2      | Bought Great Wizards, Vol. II for 380 gold pieces
 12622 | D:2      | Learned a level 6 spell: Eringya's Noxious Bog
 13037 | Lair:3   | Found a staircase to the Shoals.
 13046 | Lair:3   | Gained mutation: You can use your snake-like lower body to
                  | constrict enemies. [Naga growth]
 13046 | Lair:3   | Reached XP level 13. HP: 129/129 MP: 6/19
 14002 | Lair:4   | Noticed Urug
 14013 | Lair:4   | Killed Urug
 14334 | Lair:4   | Reached ***** piety under Vehumet
 14334 | Lair:4   | Offered knowledge of Orb of Destruction by Vehumet.
 14341 | Lair:4   | Found a staircase to the Slime Pits.
 14962 | Lair:5   | Entered Level 5 of the Lair of Beasts
 15437 | Lair:5   | Found a runed translucent door.
 15437 | Lair:5   | Noticed a fire dragon
 15539 | Lair:5   | Paralysed by a hornet for 3 turns
 16136 | Lair:5   | Reached skill level 10 in Transmutations
 16667 | Lair:5   | Killed a fire dragon
 17062 | D:10     | Entered Level 10 of the Dungeon
 17074 | D:10     | Reached XP level 14. HP: 131/138 MP: 18/20
 17812 | D:11     | Found a runed translucent door.
 17813 | D:11     | Noticed epsilonplus's ghost (journeyman HOFi)
 17817 | D:11     | Identified the +6 trident "Cophewk" {holy, rC- Will+ Int+6}
 18082 | D:11     | Offered knowledge of Yara's Violent Unravelling by Vehumet.
 18108 | D:11     | Found a staircase to the Orcish Mines.
 18640 | D:12     | Found a gate leading to a gauntlet.
 18646 | Gauntlet | Entered a Gauntlet
 18646 | Gauntlet | Found a transporter.
 18646 | Gauntlet | Found a transporter.
 18661 | Gauntlet | Found a transporter.
 18676 | Gauntlet | Found a transporter.
 18676 | Gauntlet | Found a transporter.
 18676 | Gauntlet | Found a transporter.
 18678 | Gauntlet | Found a transporter.
 18678 | Gauntlet | Found a transporter.
 18690 | Gauntlet | Found a transporter.
 18706 | Gauntlet | Found a transporter.
 18716 | Gauntlet | Found a transporter.
 18730 | Gauntlet | Found a transporter.
 18751 | Gauntlet | Found a transporter.
 18762 | Gauntlet | Found a transporter.
 18852 | Gauntlet | Reached skill level 5 in Spellcasting
 18924 | Gauntlet | Reached skill level 15 in Poison Magic
 18970 | Gauntlet | Identified the ring "Uvogh" {+Blink rCorr Str+3}
 18975 | Gauntlet | Identified the +0 cloak "Wohaurr" {rC+}
 18987 | Gauntlet | Found the +3 greatsling "Punk" {acid, rCorr}
 19027 | Gauntlet | Identified the staff of death "Bosoo" {rElec rC+ rN+ Int-5}
 20172 | Orc:1    | Entered Level 1 of the Orcish Mines
 20585 | Orc:2    | Entered Level 2 of the Orcish Mines
 20590 | Orc:2    | Paralysed by an orc sorcerer for 2 turns
 20597 | Orc:2    | Offered knowledge of Fireball by Vehumet.
 20933 | Orc:2    | Found a staircase to the Elven Halls.
 21088 | Orc:2    | Noticed Rupert
 21094 | Orc:2    | Killed Rupert
 21496 | Orc:2    | Reached XP level 15. HP: 121/146 MP: 23/28
 21570 | Orc:2    | Found Palakaur's Assorted Antiques.
 21570 | Orc:2    | Found Ebaaheam's Distillery.
 21571 | Orc:2    | Found Tauhetsu's Jewellery Boutique.
 21571 | Orc:2    | Found Lehacaak's Jewellery Shop.
 21582 | Orc:2    | Bought a potion of lignification for 42 gold pieces
 21582 | Orc:2    | Bought a potion of curing for 42 gold pieces
 21582 | Orc:2    | Bought 2 potions of cancellation for 224 gold pieces
 21582 | Orc:2    | Bought a potion of cancellation for 112 gold pieces
 21582 | Orc:2    | Bought a potion of lignification for 42 gold pieces
 21582 | Orc:2    | Bought a potion of curing for 42 gold pieces
 21582 | Orc:2    | Bought a potion of curing for 42 gold pieces
 21883 | D:13     | Found a frozen archway.
 21887 | IceCv    | Entered an ice cave
 22104 | IceCv    | Reached ****** piety under Vehumet
 22390 | IceCv    | Offered knowledge of Iskenderun's Battlesphere by Vehumet.
 22773 | IceCv    | Reached skill level 13 in Fighting
 22955 | IceCv    | Identified the staff of earth "Hysigua" {Fly Will++}
 23093 | D:13     | Found Vyd Veng's Antique Armour Shop.
 23102 | D:13     | Bought a fine robe for 176 gold pieces
 23102 | D:13     | Identified the +2 robe "Hyprini" {-Tele rN++ Slay+2
                  | Archmagi} (You bought it in a shop on level 13 of the
                  | Dungeon)
 23319 | D:13     | Reached skill level 10 in Shields
 24757 | D:14     | Found a gate to the Vaults.
 25071 | D:14     | Offered knowledge of Conjure Ball Lightning by Vehumet.
 25122 | D:15     | Entered Level 15 of the Dungeon
 25425 | D:15     | Found a staircase to the Depths.
 25759 | D:15     | Reached skill level 14 in Fighting
 25841 | D:15     | Reached XP level 16. HP: 133/159 MP: 26/29
 26018 | D:15     | Found an ancient bone altar of Kikubaaqudgha.
 26768 | D:11     | Killed epsilonplus's ghost
 27763 | Snake:1  | Entered Level 1 of the Snake Pit
 28087 | Snake:1  | Offered knowledge of Ozocubu's Refrigeration by Vehumet.
 28273 | Snake:1  | Noticed Aizul
 28281 | Snake:1  | Killed Aizul
 28309 | Snake:1  | Identified the +8 rapier of Poef {elec, rN+ rCorr Dex+3}
 28577 | Snake:1  | Reached skill level 15 in Fighting
 28767 | Snake:1  | Noticed Azrael
 28813 | Snake:1  | Learned a level 5 spell: Freezing Cloud
 28984 | Snake:1  | Found Ucugohub's Book Shop.
 28984 | Snake:1  | Found Uttaeth's Jewellery Emporium.
 28985 | Snake:1  | Found Ageramie's Book Shop.
 29039 | Snake:1  | Killed Azrael
 29951 | Snake:2  | Reached XP level 17. HP: 50/170 MP: 22/30
 29951 | Snake:2  | Offered knowledge of Leda's Unmaking by Vehumet.
 30616 | Snake:2  | Found Douwnik's Magic Scroll Emporium.
 30632 | Snake:2  | Reached skill level 16 in Fighting
 30632 | Snake:2  | Found Xaxuodie's Antique Armour Shoppe.
 30632 | Snake:2  | Found Ibelegar's Assorted Antiques.
 30922 | Snake:2  | Bought a scroll of teleportation for 51 gold pieces
 30922 | Snake:2  | Bought a scroll of enchant armour for 127 gold pieces
 30922 | Snake:2  | Found Wohoeh's General Store.
 30968 | Snake:2  | Bought 2 potions of mutation for 288 gold pieces
 30968 | Snake:2  | Bought a potion of curing for 54 gold pieces
 30968 | Snake:2  | Bought a potion of resistance for 180 gold pieces
 30971 | Snake:2  | Bought 2 potions of heal wounds for 280 gold pieces
 30971 | Snake:2  | Bought a potion of heal wounds for 140 gold pieces
 30971 | Snake:2  | Bought a scroll labelled EHEISO ROPIY for 28 gold pieces
 31779 | Snake:3  | Reached XP level 18. HP: 178/183 MP: 31/31
 32141 | Snake:3  | Reached skill level 17 in Fighting
 32959 | Snake:3  | Noticed Asterion
 32967 | Snake:3  | Killed Asterion
 33888 | Snake:3  | Noticed Vashnia
 34048 | Snake:3  | Killed Vashnia
 34049 | Snake:3  | Reached skill level 15 in Shields
 34159 | Snake:3  | Found a runed translucent door.
 34160 | Snake:3  | Noticed Vyac's ghost (journeyman SpEn)
 34164 | Snake:3  | Noticed Jorgrun
 34170 | Snake:4  | Entered Level 4 of the Snake Pit
 34250 | Snake:4  | Killed Vyac's ghost
 34552 | Snake:3  | Killed Jorgrun
 34553 | Snake:3  | Reached skill level 18 in Fighting
 34553 | Snake:3  | Reached XP level 19. HP: 183/195 MP: 16/32
 35113 | Snake:4  | Offered knowledge of Fire Storm by Vehumet.
 35113 | Snake:4  | Offered knowledge of Shatter by Vehumet.
 35113 | Snake:4  | Offered knowledge of Maxwell's Capacitive Coupling by
                  | Vehumet.
 35647 | Snake:4  | Identified the staff of earth "Zeeroilu" {rElec rC++ MP-9
                  | Stlth+}
 36538 | Snake:4  | Got a serpentine rune of Zot
 37087 | Shoals:1 | Entered Level 1 of the Shoals
 37870 | Shoals:2 | Noticed Polyphemus
 37881 | Shoals:2 | Killed Polyphemus
 37882 | Shoals:2 | Reached skill level 15 in Long Blades
 38418 | Shoals:2 | Reached skill level 19 in Fighting
 38981 | Shoals:3 | Found Qofalyapn's Armour Boutique.
 39232 | Shoals:3 | Found Bahymygrew's Book Emporium.
 39257 | Shoals:3 | Bought a manual of Shields for 1520 gold pieces
 39406 | Shoals:3 | Reached XP level 20. HP: 195/208 MP: 27/33
 39526 | Shoals:3 | Found Vegurghu's Assorted Antiques.
 39684 | Shoals:4 | Entered Level 4 of the Shoals
 39703 | Shoals:4 | Acquired 639 gold pieces
 40451 | Shoals:4 | Identified the ring "Yckurrum" {AC+4 Dex+3}
 40679 | Shoals:4 | Paralysed by a formless jellyfish for 1 turns
 40685 | Shoals:4 | Paralysed by a formless jellyfish for 1 turns
 41156 | Shoals:4 | Got a barnacled rune of Zot
 42051 | Vaults:1 | Entered Level 1 of the Vaults
 42615 | Vaults:1 | Reached skill level 20 in Fighting
 43701 | Vaults:1 | Paralysed by a formless jellyfish for 1 turns
 43924 | Vaults:1 | Found Ynlie's Assorted Antiques.
 43934 | Vaults:1 | Bought a scroll of teleportation for 72 gold pieces
 43981 | Vaults:1 | Noticed Zenata
 43995 | Vaults:1 | Killed Zenata
 44568 | Vaults:2 | Found a staircase to the Crypt.
 44975 | Vaults:2 | Reached XP level 21. HP: 216/217 MP: 32/34
 45499 | Vaults:2 | Reached skill level 21 in Fighting
 45796 | Vaults:2 | Reached skill level 10 in Spellcasting
 48333 | Vaults:4 | Noticed Mara
 48346 | Vaults:4 | Noticed BubbleThief's illusion
 48354 | Vaults:4 | Killed Mara
 48355 | Vaults:4 | Reached XP level 22. HP: 162/232 MP: 1/39
 49061 | Vaults:4 | Identified the staff of fire "Birohega" {rElec rF+ Dex+4}
 49664 | Vaults:4 | Reached skill level 15 in Spellcasting
 50556 | Depths:1 | Entered Level 1 of the Depths
 50568 | Depths:1 | Reached skill level 1 in Air Magic
 51902 | Depths:1 | Reached skill level 5 in Air Magic
 52012 | Depths:1 | Found a gateway to Hell.
 52367 | Depths:1 | Identified the staff of earth "Cohupp" {rPois Str+6 Dex-3}
 52368 | Depths:1 | Identified the +3 war axe of Eminent Domain {drain, rC++
                  | rN+ Str+4 Dex-2}
 52963 | Shoals:3 | Bought a manual of Long Blades for 1520 gold pieces
 53870 | Depths:2 | Found a one-way gate leading to the halls of Pandemonium.
 53893 | Depths:2 | Reached XP level 23. HP: 228/240 MP: 43/43
 53921 | Depths:2 | HP: 9/240 [lich/bolt of cold (27)]
 53930 | Depths:2 | HP: 8/240 [frost giant/bolt of cold (25)]
 53930 | Depths:2 | Slain by an ice dragon

Illustrated notes

Levels and vault maps discovered:
D:1:      lightli_molten_gateway, layout_rooms
D:2:      layout_rooms, serial_shops, nicolae_shop_advertising_works
          [nicolae_subvault_shop_adworks], minmay_misc_feat_secret_circle,
          hangedman_abyss_or_decor_lesser_grid, minmay_misc_feat_alley,
          minmay_misc_feat_nine_boxes, chequers_garden,
          chequers_serial_rivers_room_a, minmay_heptomino_l4, uniq_sigmund
D:3:      cheibrodos_fertilizer, layout_basic,
          nicolae_uskayaw_murder_on_the_dancefloor,
          mainiacjoe_overflow_surrounded_room, mainiacjoe_overflow_tiny_flanked,
          minmay_misc_feat_chi, grunt_ministairs_1, kennysheep_generic_room_7,
          uniq_jessica, uniq_ijyb
D:4:      layout_basic, mainiacjoe_overflow_alcove_2, lightli_temple_of_fire,
          temple_statues, sigmund_army
D:5:      layout_rooms, zin_scriptorium, serial_glass, glass_columns_c,
          glass_columns_a, glass_columns_b, glass_columns_b, glass_columns_b,
          glass_columns_b, glass_columns_b, glass_columns_b, glass_columns_b,
          glass_columns_a, uniq_menkaure
D:6:      layout_loops_cross, mainiacjoe_overflow_alcove_1, serial_demonic,
          serial_demonic_a, serial_demonic_c, serial_demonic_c,
          serial_demonic_g, serial_demonic_g, serial_demonic_f,
          serial_demonic_c, serial_demonic_f, serial_demonic_e,
          serial_demonic_g, amcnicky_mini_pool_small, nicolae_shop_gadgets
D:7:      layout_loops_cross, lemuel_round_altar,
          chequers_temple_overflow_statue_of_worship, serial_shops, shop,
          grunt_ministairs_14, uniq_duvessa
D:8:      layout_loops_ring, tso_altar, erik_lair_orcish_takeover
D:9:      layout_loops_ring, nicolae_overflow_hidden_temple,
          nicolae_wu_jian_immortal_techniques, lemuel_doored_altar,
          mainiacjoe_overflow_catwalk, serial_bayou_lagoon_b, uniq_erica
D:10:     layout_long_grid
D:11:     layout_long_grid, hiddenorc1_lemuel, ebering_ghost_funeral_grove
D:12:     layout_basic, gauntlet_entry_generic
D:13:     layout_stronghold, serial_shops, nicolae_shop_stone,
          portal_ice_cave_entry_pillars_2
D:14:     layout_loops_cross, hangedman_vaults_entry_quadrant_bands, hex_medium
D:15:     hangedman_depths_entry_try_elsewhere_first, layout_cave_pods,
          nicolae_kikubaaqudgha_miasma_corner
Lair:1:   layout_regular_city, grunt_megastairs_3, uniq_amaemon, uniq_sonja
Lair:2:   layout_regular_city, minmay_snake_entry_guardpost_large,
          hangedman_tree_tricks, nzn_sisyphean_effort, grunt_megastairs_5
Lair:3:   layout_chaotic_city, elwin_shoals_entry_rocks,
          minmay_lair_oklob_bushes, st_stairs_8, hibernation_bobbens,
          infiniplex_staircase_pool_2
Lair:4:   layout_cave_pods, nicolae_slime_entry_slimehenge,
          serial_bayou_shore_b, uniq_urug
Lair:5:   wormcave, layout_long_grid, roderic_batcave, dreamdust_wasp_nest
Shoals:1: layout_shoals
Shoals:2: layout_shoals, nicolae_shoals_secluded_bog, uniq_polyphemus
Shoals:3: layout_shoals, serial_shops, nicolae_shop_trees, shop,
          nicolae_shop_back_alley_shop, nicolae_shoals_shepherds
Shoals:4: shoals_end_hangedman, layout_shoals
Snake:1:  layout_onion, minmay_shop_grove, uniq_aizul, uniq_azrael
Snake:2:  cheibrodos_snake_lava_hold, layout_basic, nicolae_snake_springs,
          minmay_shoptagon
Snake:3:  layout_onion, ebering_ghost_inner_flame, grunt_megastairs_2,
          uniq_asterion, uniq_jorgrun, uniq_vashnia
Snake:4:  johnstein_snake_rune_scales, layout_cave_shapes
Orc:1:    layout_caves
Orc:2:    st_orc_pillars, layout_diamond_mine, basic_altar, uniq_rupert
Vaults:1: vaults_dpeg_encased_lava, v_misc_25, nicolae_vaults_stepped_doors,
          nicolae_vaults_weapon_check, nicolae_vaults_tetromino_L_2,
          nicolae_vaults_big_ls, nicolae_vaults_sesquioval_fish,
          nicolae_vaults_closet_pinwheel_1, nicolae_vaults_tetromino_Z_1,
          layout_vaults_omnigrid, serial_shops, nicolae_square_shop, uniq_zenata
Vaults:2: hangedman_vaults_cutoff, vaults_room_large_hall, vaults_room_grid,
          nicolae_vaults_bisected_exclaves, v_misc_29,
          nicolae_vaults_inception_scallops, minmay_crypt_entry_simple_sparse,
          ontoclasm_vaults_twist, v_misc_26, nicolae_vaults_little_squares_6,
          nicolae_vaults_trapezoid_2, nicolae_vaults_closet_pinwheel_1,
          ontoclasm_vaults_hangar, layout_vaults_ring
Vaults:3: vaults_mumra_bighexcomb, nicolae_vaults_network_barrier,
          nicolae_vaults_lightning_bolt, nicolae_vaults_layer_cake_slice,
          hangedman_vaults_stagger, v_misc_10, vaults_room_ringed_pool,
          nicolae_vaults_more_shelving_1, vaults_room_hallway, v_rooms_5,
          nicolae_vaults_storage_room_doors, layout_vaults_maze
Vaults:4: nicolae_vaults_ninety_degrees, nicolae_vaults_swerve,
          ontoclasm_vaults_gateway, nicolae_vaults_heart-shaped_vault,
          nicolae_vaults_house_3, hangedman_vaults_pinch,
          nicolae_vaults_security_offices_3,
          vaults_room_grunt_arrival_checkpoint, nicolae_vaults_alarming,
          hangedman_vaults_nails, grunt_vaults_hallway_short,
          nicolae_vaults_variable_pillar_hall, nicolae_vaults_little_squares_2,
          layout_vaults_omnibox, uniq_mara
Depths:1: layout_gridlike, grunt_hell_entry_dis_old, minmay_misc_feat_cross,
          laboratory
Depths:2: evilmike_diamond_2, layout_cave_pools, pan_entry, hell_entry,
          minmay_strange_pillars, minmay_staircase_bubble

Skill      XL: |  1  2  3  4  5  6  7  8  9 10 11 12 13 14 15 16 17 18 19 20 21 22 |
---------------+-------------------------------------------------------------------+-----
Poison Magic   | 5 6 7 8 9 10 14 15 | 15.0
Spellcasting   | 3 4 9 13 16 | 16.6
Fighting       | 3 6 8 10 11 12 14 15 16 18 19 20 21 | 21.0
Shields        | 1 4 7 9 11 12 14 15 16 19 20 | 20.3
Long Blades    | 2 8 10 11 12 14 15 | 15.6
Transmutations | 6 10 | 10.1
Air Magic      | 6 |  6.5
Dodging        | |  1.5
Stealth        | |  3.0

Action                     |  1- 3 |  4- 6 |  7- 9 | 10-12 | 13-15 | 16-18 | 19-21 | 22-24 || total
---------------------------+-------+-------+-------+-------+-------+-------+-------+-------++-------
  Melee: Unarmed           |     7 |       |       |       |       |       |       |       ||     7
         Dagger            |     4 |    42 |    52 |       |       |       |       |       ||    98
         Flail             |       |    12 |       |       |       |       |       |       ||    12
         Punch             |       |     1 |     1 |       |       |       |       |       ||     2
         Short sword       |       |       |   185 |    56 |       |       |       |       ||   241
         Scimitar          |       |       |       |   152 |   722 |   639 |  1019 |   463 ||  2995
         Constrict         |       |       |       |       |   148 |   131 |   216 |    72 ||   567
   Cast: Sting             |    23 |    37 |    37 |    14 |     3 |       |       |       ||   114
         Mephitic Cloud    |     1 |       |     2 |    20 |     9 |    11 |    21 |    15 ||    79
         Olgreb's Toxic Ra |       |     7 |    34 |    45 |    93 |    29 |   103 |    39 ||   350
         Ignite Poison     |       |       |       |    10 |    34 |    43 |    94 |    25 ||   206
         Eringya's Noxious |       |       |       |     3 |    27 |    38 |    72 |     9 ||   149
         Freezing Cloud    |       |       |       |       |       |     1 |     1 |    11 ||    13
Ability: Spit Poison       |    24 |    29 |    40 |    23 |    16 |     3 |    15 |     5 ||   155
  Evoke: Wand              |       |       |     4 |    16 |       |     1 |       |       ||    21
    Use: Scroll            |       |       |    16 |     4 |    10 |     7 |     5 |     4 ||    46
         Potion            |       |       |       |     2 |       |     5 |       |     4 ||    11
   Stab: Sleeping          |       |       |     2 |     1 |    12 |     3 |     8 |     2 ||    28
         Confused          |       |       |       |     4 |     1 |     9 |     7 |     5 ||    26
         Invisible         |       |       |       |     1 |       |       |       |       ||     1
         Distracted        |       |       |       |       |     4 |     3 |     2 |       ||     9
 Armour: Robe              |       |    14 |   107 |    50 |   179 |   148 |   374 |   159 ||  1031
  Dodge: Dodged            |     9 |    17 |    99 |    59 |   149 |   122 |   151 |    47 ||   653
  Block: Other             |     4 |    16 |    13 |       |       |       |       |       ||    33
         Reflection        |       |     1 |     3 |     6 |    41 |    88 |   187 |    25 ||   351
         Buckler           |       |       |    35 |       |       |       |       |       ||    35
         Kite shield       |       |       |   133 |   220 |   649 |   628 |  1121 |   446 ||  3197

Table legend: (Time is in decaauts)
 A = Elapsed time spent in this place.
 B = Non-inter-level travel time spent in this place.
 C = Inter-level travel time spent in this place.
 D = Time resting spent in this place.
 E = Time spent auto-exploring this place.
 F = Levels seen in this place.
 G = Mean time per level.
                   A        B        C        D        E       F      G
               +--------+--------+--------+--------+--------+-----+--------+
         Total |  64208 |  59452 |   4756 |   6258 |  41677 |  38 | 1689.7 |
       Dungeon |  22109 |  19433 |   2676 |   1049 |  15235 |  15 | 1473.9 |
          Lair |   9818 |   8908 |    910 |    687 |   6988 |   5 | 1963.6 |
        Shoals |   5681 |   5296 |    385 |    127 |   3939 |   4 | 1420.2 |
     Snake Pit |  10183 |  10010 |    173 |   2742 |   5073 |   4 | 2545.8 |
  Orcish Mines |   2000 |   1884 |    116 |      0 |   1496 |   2 | 1000.0 |
        Vaults |   9395 |   9039 |    356 |   1011 |   6048 |   4 | 2348.8 |
        Depths |   3065 |   2928 |    137 |    595 |   1751 |   2 | 1532.5 |
      Ice Cave |   1295 |   1295 |      0 |      0 |    921 |   1 | 1295.0 |
      Gauntlet |    660 |    660 |      0 |     47 |    223 |   1 |  660.0 |
               +--------+--------+--------+--------+--------+-----+--------+

Top non-repeatable levels by time:
 Snake:2: 3604 daAuts
Depths:1: 2707 daAuts
 Snake:3: 2619 daAuts
Vaults:1: 2572 daAuts
Vaults:2: 2406 daAuts
Vaults:4: 2370 daAuts
 Snake:4: 2311 daAuts
Shoals:4: 2303 daAuts
  Lair:5: 2298 daAuts
  Lair:2: 2277 daAuts
Vaults:3: 2045 daAuts
    D:15: 1950 daAuts
  Lair:1: 1902 daAuts
     D:6: 1870 daAuts
     D:9: 1835 daAuts
